 Seeded DCSS version 0.28-a0-503-g83f2989fac (webtiles) character file.

Game seed: 13 (custom seed)

57 Snicker the Sneak (level 3, 0/16 HPs)
             Began as a Spriggan Enchanter on Sept 21, 2021.
             Killed from afar by Natasha (10 damage)
             ... with a magic dart
             ... on level 2 of the Dungeon.
             The game lasted 00:05:36 (2445 turns).

Snicker the Sneak (Spriggan Enchanter)              Turns: 2445, Time: 00:05:36

Health: 0/16       AC:  3    Str:  3    XL:     3   Next: 73%
Magic:  1/8        EV: 33    Int: 19    God:
Gold:   112        SH:  0    Dex: 20    Spells: 5/7 levels left

rFire   . . .      SeeInvis +   a - +2 dagger (holy)
rCold   . . .      Faith    .   (shield restricted)
rNeg    . . .      Spirit   .   b - +0 robe
rPois   .          Reflect  .   f - +1 hat {Will+}
rElec   .          Harm     .   (no cloak)
rCorr   +          Rampage  .   (gloves unavailable)
Will    ++...                   (boots unavailable)
Stlth   ++++......              i - amulet of the acrobat
HPRegen 0.05/turn               g - ring of Hielextanics {Will+ rCorr Str-2 Int+3 Dex+5}
MPRegen 0.11/turn               (no ring)

@: acrobatic, very quick
A: very small, no large weapons, unfitting armour, see invisible, speed 3
a: no special abilities


You were on level 2 of the Dungeon.
You visited 1 branch of the dungeon, and saw 2 of its levels.

You collected 112 gold pieces.

Inventory:

Hand Weapons
 a - a +2 dagger of holy wrath (weapon)
 j - a +1 dagger
Armour
 b - a +0 robe (worn)
 f - a +1 hat of willpower (worn)
Jewellery
 g - the ring of Hielextanics (left hand) {Will+ rCorr Str-2 Int+3 Dex+5}
   (You acquired it on level 1 of the Dungeon)

   [ring of willpower]

   Str:       It affects your strength (-2).
   Int:       It affects your intelligence (+3).
   Dex:       It affects your dexterity (+5).
   rCorr:     It protects you from acid and corrosion.
   Will:      It increases your willpower.
 i - an amulet of the acrobat (around neck)
Scrolls
 k - a scroll of enchant weapon {unknown}
Potions
 c - a potion of invisibility
 d - 2 potions of curing {unknown}
 e - a potion of brilliance {unknown}
 h - a potion of berserk rage {unknown}


   Skills:
 * Level 2.7 Short Blades
 - Level 2.6 Dodging
 * Level 6.1 Stealth
 - Level 2.6 Spellcasting
 - Level 3.6 Hexes
 + Level 0.3 Ice Magic


You had 5 spell levels left.
You knew the following spells:

 Your Spells              Type           Power      Damage    Failure   Level
a - Ensorcelled Hibernat  Hex/Ice        20%        N/A       11%         2

Your spell library contained the following spells:

 Spells                   Type           Power      Damage    Failure   Level
 Confusing Touch          Hex            16%        N/A       11%         3
 Tukima's Dance           Hex            16%        N/A       11%         3
 Dazzling Flash           Conj/Hex       18%        N/A       22%         3


Dungeon Overview and Level Annotations

Branches:
Dungeon (2/15)

Altars:

Annotations:
D:2 Natasha


Innate Abilities, Weirdness & Mutations

You are very small and have problems with some larger weapons.
You are too small for most types of armour.
You have supernaturally acute eyesight. (SInv)
You cover ground extremely quickly. (Speed+++)


Message History

You feel troubled.
Casting: Ensorcelled Hibernation (safe; 11% risk of failure)
Confirm with . or Enter, or press ? or * to list all spells.
Aiming: Ensorcelled Hibernation (safe; 11% risk of failure)
Press: ? - help, Shift-Dir - straight line, f/p - Natasha
Aim: Natasha (lightly wounded, chance to affect: 41%)
You miscast Ensorcelled Hibernation.
You are very lightly contaminated with residual magic.
Nothing appears to happen.
Natasha mumbles some strange words.
The white imp gestures at you. The puff of frost misses you.
Unknown command.
Unknown command.
Natasha casts a spell.
Your magical contamination has completely faded away.
You see here a +0 animal skin.
You see here a +0 pair of gloves.
There are no items here.
You start resting.
Natasha is nearby!
Natasha is nearby!
Natasha is nearby!
Casting: Ensorcelled Hibernation (safe; 11% risk of failure)
Confirm with . or Enter, or press ? or * to list all spells.
Aiming: Ensorcelled Hibernation (safe; 11% risk of failure)
Press: ? - help, Shift-Dir - straight line, f/p - Natasha
Aim: Natasha (wandering, hasn't noticed you, chance to affect: 41%) Natasha hisses angrily.
Natasha resists with some effort.
An adder comes into view.
Natasha claws you.
Unknown command.
Casting: Ensorcelled Hibernation (safe; 11% risk of failure)
Confirm with . or Enter, or press ? or * to list all spells.
You don't have enough magic to cast this spell.
Natasha casts a spell at you. The magic dart hits you!
Ouch! That really hurt!
You die...

....... #......(#
.....+
.......#####.......#
.............#.....#
.........)...#[....#
####.#:.....##[....#
#####.###<#####.....#
#.......).....#.....#
#.............#.....#
#............@#.)..##
#...........h...#..#
#.......>.....###..#
#.................>#
..
#............)######
.. ###'#......)....#
####### .. ###
#.#.....#####.#
#.....# gg
..####.#.....# #)#
#.....# .g
......[#.....# #.#
#.....# .g


You could see Natasha.

Vanquished Creatures
  Robin (D:2)
  A dart slug (D:2)
  4 ball pythons
  A giant cockroach (D:2)
  15 goblins
  5 hobgoblins (D:2)
  A quokka (D:1)
  3 bats (D:1)
  2 frilled lizards (D:2)
  4 kobolds
  3 rats
40 creatures vanquished.

Vanquished Creatures (others)
  3 plants (D:1)
3 creatures vanquished.

Grand Total: 43 creatures vanquished

Notes
Turn   | Place    | Note
-------+----------+-------------------------------------------
     0 | D:1      | Snicker the Spriggan Enchanter began the quest for the Orb.
     0 | D:1      | Reached XP level 1. HP: 9/9 MP: 5/5
   371 | D:1      | Reached skill level 5 in Stealth
   484 | D:1      | Identified 2 scrolls of acquirement
   484 | D:1      | Acquired the ring of Hielextanics {Will+ rCorr Str-2 Int+3
                  | Dex+5}
   487 | D:1      | Acquired a +1 hat of willpower
   620 | D:1      | Reached XP level 2. HP: 13/13 MP: 6/6
   623 | D:1      | Learned a level 2 spell: Ensorcelled Hibernation
  1195 | D:2      | Noticed Robin
  1847 | D:2      | Killed Robin
  1848 | D:2      | Reached XP level 3. HP: 16/16 MP: 5/8
  2214 | D:2      | Reached skill level 6 in Stealth
  2361 | D:2      | Noticed Natasha
  2445 | D:2      | Killed from afar by Natasha

Illustrated notes

Levels and vault maps discovered:
D:1:      saegor_arrival_under_anarchy, layout_basic, serial_bayou,
          serial_bayou_shore_a, serial_bayou_pond_c, serial_bayou_pond_e,
          serial_bayou_lake_a, serial_bayou_crossing
D:2:      layout_basic, uniq_robin, uniq_natasha

Skill      XL: |  1  2  3 |
---------------+----------+-----
Stealth        | 5 6 |  6.1
Short Blades   | 2 |  2.7
Dodging        | |  2.6
Spellcasting   | |  2.6
Hexes          | |  3.6
Ice Magic      | |  0.3

Action                   || total
-------------------------++-------
Melee: Dagger            ||   153
 Cast: Ensorcelled Hiber ||    21
  Use: Scroll            ||     2
 Stab: Sleeping          ||    14
Armor: Robe              ||    20
Dodge: Dodged            ||   124

Table legend: (Time is in decaauts)
 A = Elapsed time spent in this place.
 B = Non-inter-level travel time spent in this place.
 C = Inter-level travel time spent in this place.
 D = Time resting spent in this place.
 E = Time spent auto-exploring this place.
 F = Levels seen in this place.
 G = Mean time per level.
                   A        B        C        D        E       F      G
               +--------+--------+--------+--------+--------+-----+--------+
         Total |   1992 |   1974 |     18 |    441 |   1115 |   2 |  996.0 |
       Dungeon |   1992 |   1974 |     18 |    441 |   1115 |   2 |  996.0 |
               +--------+--------+--------+--------+--------+-----+--------+

Top non-repeatable levels by time:
     D:1: 1129 daAuts
     D:2: 863 daAuts
